General information
- name: BNet
- type: Ladder 1vs1/FFA
- host: Battle.net
- saver: BEAR_AND
map: EchoIsles
- players: 2
- length: 62:03
- speed: Fast
- version: 1.26 W3XP
- replay type:

» download(213 KB)
Players
team 1 (loser)
sunwelldream (
red | 49 APM | 3022 actions | 62:01)
4 Demon Hunter
2 Mana Burn
2 Evasion
3 Warden
2 Shadow Strike
1 Blink
» actions
| Assign group hotkey | 22 | |
| Build / train | 128 | |
| ESC pressed | 19 | |
| Enter build submenu | 48 | |
| Enter hero's abilities submenu | 8 | |
| Give item / drop item | 2 | |
| Right click | 1503 | |
| Select / deselect | 908 | |
| Select group hotkey | 131 | |
| Use ability | 253 | |
3022 total
» units
| Wisp | 52 | |
| Archer | 2 | |
| Huntress | 3 | |
| Dryad | 3 | |
| Forest Troll Shadow Priest | 1 | |
| Forest Troll Berserker | 1 | |
| Druid of the Claw | 2 | |
| Faerie Dragon | 2 | |
| Glaive Thrower | 8 | |
| Chimaera | 7 | |
| Hippogryph | 3 | |
| Druid of the Talon | 6 | |
90 total
» upgrades
| Strength of the Moon | 1 | |
| Strength of the Wild | 2 | |
| Moon Armor | 1 | |
| Abolish Magic | 1 | |
| Druid of the Talon Training | 2 | |
| Reinforced Hides | 2 | |
| Druid of the Claw Training | 2 | |
| Mark of the Claw | 1 | |
| Hardened Skin | 1 | |
| Resistant Skin | 1 | |
| Nature's Blessing | 1 | |
| Corrosive Breath | 1 | |
| Well Spring | 1 | |
| Ultravision | 1 | |
18 total
» buildings
| Altar of Elders | 1 | |
| Moon Well | 12 | |
| Hunter's Hall | 1 | |
| Ancient of War | 2 | |
| Ancient of Wonders | 1 | |
| Ancient Protector | 19 | |
| Tree of Ages | 1 | |
| Ancient of Lore | 2 | |
| Ancient of Wind | 1 | |
| Tree of Eternity | 1 | |
| Tree of Life | 2 | |
| Chimaera Roost | 2 | |
45 total
» build order
00:08 Altar of Elders
00:21 Moon Well
01:14 Moon Well
01:37 Hunter's Hall
02:04 Ancient of War
02:31 Ancient of Wonders
02:42 Moon Well
03:23 Moon Well
05:05 Ancient Protector
05:42 Tree of Ages
06:01 Ancient Protector
08:47 Ancient of Lore
08:50 Ancient of Wind
09:40 Tree of Eternity
10:25 Ancient of Lore
10:30 Moon Well
13:11 Tree of Life
14:21 Ancient Protector
14:22 Ancient Protector
15:29 Tree of Life
16:19 Ancient Protector
16:56 Chimaera Roost
18:12 Moon Well
21:08 Ancient Protector
21:18 Moon Well
22:24 Ancient of War
23:01 Chimaera Roost
24:23 Moon Well
27:47 Ancient Protector
27:49 Ancient Protector
27:53 Ancient Protector
28:25 Ancient Protector
29:08 Ancient Protector
29:18 Ancient Protector
29:23 Ancient Protector
29:58 Ancient Protector
30:02 Moon Well
30:58 Moon Well
31:36 Moon Well
32:23 Ancient Protector
33:27 Ancient Protector
33:36 Ancient Protector
33:45 Ancient Protector
37:13 Ancient Protector
56:33 Moon Well
» items
| Dust of Appearance | 2 | |
| Scroll of Town Portal | 1 | |
| Moonstone | 2 | |
| Anti-magic Potion | 1 | |
| Orb of Venom | 1 | |
| Potion of Healing | 2 | |
9 total
team 2 (winner)
BEAR_AND (
pink | 120 APM | 7448 actions | 62:03)
7 Blademaster
3 Wind Walk
3 Critical Strike
1 Bladestorm
6 Tauren Chieftain
3 Shockwave
2 Endurance Aura
1 Reincarnation
» actions
| Assign group hotkey | 17 | |
| Basic commands | 8 | |
| Build / train | 122 | |
| Enter build submenu | 89 | |
| Enter hero's abilities submenu | 14 | |
| Give item / drop item | 20 | |
| Remove unit from queue | 18 | |
| Right click | 5514 | |
| Select / deselect | 810 | |
| Select group hotkey | 395 | |
| Use ability | 438 | |
7448 total
» units
| Peon | 15 | |
| Raider | -4 | |
| Troll Batrider | 23 | |
34 total
» upgrades
| Reinforced Defenses | 1 | |
| Liquid Fire | 1 | |
| Ranged Weapons | 3 | |
| Armor | 1 | |
6 total
» buildings
| Altar of Storms | 1 | |
| Orc Burrow | 3 | |
| War Mill | 1 | |
| Voodoo Lounge | 2 | |
| Watch Tower | 75 | |
| Stronghold | 1 | |
| Beastiary | 2 | |
| Fortress | 1 | |
| Great Hall | 1 | |
87 total
» build order
00:10 Altar of Storms
00:30 Orc Burrow
00:47 War Mill
01:03 Voodoo Lounge
02:02 Watch Tower
02:16 Watch Tower
03:00 Watch Tower
03:20 Stronghold
04:06 Watch Tower
04:09 Watch Tower
04:11 Orc Burrow
05:06 Watch Tower
05:08 Watch Tower
05:50 Beastiary
06:21 Watch Tower
06:30 Watch Tower
07:19 Fortress
07:35 Watch Tower
08:28 Orc Burrow
08:49 Watch Tower
08:50 Watch Tower
08:52 Watch Tower
10:10 Watch Tower
10:10 Watch Tower
10:11 Watch Tower
10:54 Watch Tower
10:54 Watch Tower
11:38 Great Hall
11:55 Watch Tower
12:11 Watch Tower
12:30 Watch Tower
12:46 Watch Tower
13:15 Watch Tower
14:13 Voodoo Lounge
14:14 Watch Tower
14:27 Watch Tower
14:31 Watch Tower
14:33 Watch Tower
15:20 Watch Tower
15:21 Watch Tower
15:51 Watch Tower
15:53 Watch Tower
16:18 Watch Tower
16:42 Watch Tower
16:44 Watch Tower
17:15 Watch Tower
18:30 Watch Tower
18:49 Watch Tower
18:55 Watch Tower
19:53 Watch Tower
19:54 Watch Tower
20:03 Watch Tower
20:20 Watch Tower
21:07 Watch Tower
21:30 Watch Tower
22:46 Watch Tower
22:50 Watch Tower
23:29 Watch Tower
25:03 Beastiary
26:29 Watch Tower
26:30 Watch Tower
26:31 Watch Tower
27:08 Watch Tower
27:22 Watch Tower
27:52 Watch Tower
28:24 Watch Tower
28:25 Watch Tower
28:25 Watch Tower
28:41 Watch Tower
28:42 Watch Tower
30:55 Watch Tower
30:55 Watch Tower
30:56 Watch Tower
36:50 Watch Tower
37:56 Watch Tower
37:56 Watch Tower
37:57 Watch Tower
37:58 Watch Tower
38:33 Watch Tower
38:34 Watch Tower
38:35 Watch Tower
38:35 Watch Tower
38:36 Watch Tower
38:37 Watch Tower
39:26 Watch Tower
39:26 Watch Tower
42:30 Watch Tower
» items
| Healing Salve | 10 | |
| Lesser Clarity Potion | 17 | |
| Boots of Speed | 3 | |
| Staff of Teleportation | 4 | |
| Orb of Lightning | 2 | |
| Potion of Mana | 1 | |
37 total
Chat log
(00:26 / All) BEAR_AND: hi
(00:32 / All) sunwelldream: hey
(00:37 / All) sunwelldream: how are u
(00:38 / All) BEAR_AND: old game 2 play
(00:48 / All) sunwelldream: yea new movie made me rebuy it lol
(00:54 / All) BEAR_AND: bad movie.. .
(01:00 / All) sunwelldream: u saw it?
(01:05 / All) BEAR_AND: just trailer
(01:09 / All) BEAR_AND: and like 10 seconds of it
(01:22 / All) sunwelldream: dude its gona be rly good i think
(01:24 / All) BEAR_AND: lol
(01:26 / All) sunwelldream: i have high hopes
(01:31 / All) BEAR_AND: what's another movie you recently enjoyed
(01:46 / All) sunwelldream: 1968 planet of the apes
(01:57 / All) BEAR_AND: how about fast n furious
(02:05 / All) sunwelldream: meh
(02:14 / All) sunwelldream: its cool
(02:20 / All) BEAR_AND: lol
(02:23 / All) sunwelldream: but the story isnt doing it for me
(02:43 / All) BEAR_AND: how about
(02:48 / All) BEAR_AND: adam sandler
(02:59 / All) sunwelldream: what about him?
(03:22 / All) BEAR_AND: u like his films
(03:34 / All) sunwelldream: happy gilmore is rly good
(03:58 / All) sunwelldream: big daddy or w,e is cool
(04:53 / All) sunwelldream: we talk to much im fucking up lol
(04:59 / All) BEAR_AND: i love to talk
(05:11 / All) BEAR_AND: whereare you from
(05:16 / All) sunwelldream: ph
(05:52 / All) sunwelldream: u?
(05:57 / All) BEAR_AND: toronto
(06:03 / All) sunwelldream: add me
(06:07 / All) sunwelldream: your cool lol
(06:17 / All) BEAR_AND: maybe....lets see how game goes
(06:22 / All) sunwelldream: people here are so mad and hateful
(06:24 / All) sunwelldream: sometime
(07:07 / All) sunwelldream: lol
(08:35 / All) sunwelldream: so fast lol
(19:28 / All) BEAR_AND: lol
(19:30 / All) sunwelldream: lol
(24:58 / All) BEAR_AND: resume when ready
(26:57 / All) BEAR_AND: hehe
(27:09 / All) sunwelldream: this is so gay lol
(27:19 / All) BEAR_AND: rude
(27:29 / All) BEAR_AND: stongerest
(31:29 / All) BEAR_AND: lol
(41:22 / All) BEAR_AND: die
(41:29 / All) BEAR_AND: lol
(41:38 / All) sunwelldream: u cheesesed me lol
(41:48 / All) BEAR_AND: dude i think you have a learning disability
(41:53 / All) sunwelldream: lol
(41:54 / All) BEAR_AND: cheesesed?
(41:58 / All) sunwelldream: thats funny as hell
(42:01 / All) sunwelldream: cuz i do
(42:07 / All) BEAR_AND: ok fair.
(42:09 / All) sunwelldream: i dont even give a fuck
(42:31 / All) sunwelldream: still geting through schoo
(42:36 / All) BEAR_AND: that's good
(43:11 / All) sunwelldream: i work hard and i eat lol if you know what im saying
(43:28 / All) BEAR_AND: i guess so. is there another layer to that past working and eating
(43:31 / All) sunwelldream: so u gona end this
(43:36 / All) BEAR_AND: nah not my style
(43:48 / All) sunwelldream: well my gold mine is out and so is yours
(43:49 / All) sunwelldream: so
(44:05 / All) BEAR_AND: lots of lumber left
(44:22 / All) sunwelldream: and like i said you have more moeny cuz u kept from going to low upkeep
(44:33 / All) sunwelldream: i fucked up and made to many guys and your heros are stonger
(44:34 / All) sunwelldream: lol
(44:35 / All) BEAR_AND: i hate upkeep...
(44:46 / All) sunwelldream: end it
(44:54 / All) sunwelldream: let me fight you to the death
(44:58 / All) BEAR_AND: meet in mid
(45:03 / All) sunwelldream: hell no
(45:07 / All) sunwelldream: come to my base
(45:09 / All) BEAR_AND: lol
(45:10 / All) sunwelldream: your guys are to stong
(45:19 / All) sunwelldream: i need home adv.
(45:28 / All) sunwelldream: you have so much gold prob
(45:39 / All) sunwelldream: im down to my last leg so what i got is what i got
(46:21 / All) sunwelldream: ill fight tc
(46:31 / All) sunwelldream: 1 on 1 wwith dh
(46:51 / All) BEAR_AND: theres no honor in war...........................................
(47:12 / All) sunwelldream: your right but
(47:16 / All) sunwelldream: thats mankind
(47:29 / All) BEAR_AND: so sayeth we all..........................................
(47:41 / All) sunwelldream: lol
(47:44 / All) sunwelldream: and nothing is done
(47:53 / All) sunwelldream: people are blinded by money
(47:56 / All) sunwelldream: and hate
(48:14 / All) sunwelldream: i do feel bad for the people comen after us
(51:19 / All) BEAR_AND: war is hell
(54:46 / All) sunwelldream: smh
(56:32 / All) BEAR_AND: yeehaw
(56:41 / All) sunwelldream: lol
(56:46 / All) sunwelldream: that almost gave me two lvls
(57:17 / All) sunwelldream: tc vs dh
(57:26 / All) sunwelldream: one fight and ima quoit
(57:27 / All) sunwelldream: quit
(57:39 / All) BEAR_AND: meet in mid
(57:41 / All) sunwelldream: deal?
(57:48 / All) BEAR_AND: deal
(58:34 / All) sunwelldream: wow
(58:38 / All) sunwelldream: that is crazy
(58:45 / All) BEAR_AND: it aint over
(58:49 / All) BEAR_AND: i have another life
(58:54 / All) sunwelldream: o yea
(59:05 / All) BEAR_AND: get back here
(59:07 / All) sunwelldream: not lvl 6 so i get moon
(59:08 / All) sunwelldream: well
(59:23 / All) sunwelldream: didnt do much
(59:29 / All) sunwelldream: omw
(59:53 / All) sunwelldream: lol
(59:58 / All) BEAR_AND: thus it is known
(60:04 / All) sunwelldream: gg
(60:05 / All) sunwelldream: lol
(60:09 / All) BEAR_AND: gg
(60:16 / All) sunwelldream: hey if you wana play sometime hmu
(60:32 / All) sunwelldream: your diff from others i meet even tho u said i have the downs lol
(60:35 / All) BEAR_AND: find more tower replays at https://highper.ch/
(60:55 / All) sunwelldream: is this something you do lol
(60:57 / All) sunwelldream: for fun
(61:02 / All) BEAR_AND: you could say that
(61:06 / All) sunwelldream: lol
(61:14 / All) sunwelldream: games go on for ever
(61:27 / All) sunwelldream: how would u beat it
(61:33 / All) BEAR_AND: i meditate
(61:34 / All) sunwelldream: just let it be
(61:57 / All) sunwelldream: cya